[Event "Team 45 45 League T47"]
[Site "Internet Chess Club"]
[Date "2010.11.24"]
[Round "4"]
[White "baseball613"]
[Black "BrianWood"]
[Result "0-1"]
[WhiteElo "1298"]
[BlackElo "1369"]
[Opening "King's Indian: London system"]
[ECO "A48"]
[Time "17:00:21"]
[TimeControl "2700+45"]

1. d4 Nf6 2. Nf3 g6 3. Bf4 d6 4. e3 Bg7 5. h3 O-O 6. Be2 c5 7. c3 cxd4 8. exd4
Qb6 9. Qb3 Be6 10. Qxb6 axb6 11. a3 Nd5 12. Bh2 Rc8 13. Nbd2 Nf6 14. O-O Bd5 15.
Rfe1 Ne4 16. Nxe4 Bxe4 17. Nd2 Bf5 18. Bf3 Rc7 19. Re3 Bh6 20. Rae1 Bxe3 21.
Rxe3 Na6 22. Bd5 Re8 23. Bxd6 Rd7 24. Bxb7 Rxb7 25. Nc4 Be6 26. Bh2 Bxc4 27. Bd6
Bb5 28. b3 exd6 {White resigns} 0-1

[Event "Team 45 45 League T47"]
[Site "Internet Chess Club"]
[Date "2010.11.26"]
[Round "4"]
[White "rgadoury"]
[Black "wildcat2023"]
[Result "0-1"]
[WhiteElo "1257"]
[BlackElo "1198"]
[Opening "Mieses opening"]
[ECO "A00"]
[Time "18:05:31"]
[TimeControl "2700+45"]

1. d3 e5 2. d4 exd4 3. Qxd4 Nc6 4. Qd3 Nf6 5. c3 Ne5 6. Qe3 Ng4 7. Qe4 Bc5 8.
Be3 d5 9. Qf4 Bxe3 10. fxe3 Qh4+ 11. g3 Qe7 12. Nf3 Nc4 13. h3 Ngxe3 14. Na3
Nxa3 15. bxa3 Nc2+ 16. Kf2 Nxa1 17. Nd4 Qc5 18. Qe5+ Be6 19. Bg2 Nc2 20. Kf3
Nxd4+ 21. cxd4 Qc3+ 22. Kf4 O-O 23. Bxd5 Bxd5 24. Qxd5 Rad8 25. Qb3 Rxd4+ 26.
Kg5 Qc5+ {White resigns} 0-1

[Event "Team 45 45 League T47"]
[Site "Internet Chess Club"]
[Date "2010.11.28"]
[Round "4"]
[White "iceface"]
[Black "tcianciola"]
[Result "1-0"]
[WhiteElo "1303"]
[BlackElo "1152"]
[Opening "Four knights: Italian variation"]
[ECO "C47"]
[Time "19:00:16"]
[TimeControl "2700+45"]

1. e4 e5 2. Nf3 Nf6 3. Nc3 Nc6 4. Bc4 d6 5. h3 Be6 6. Bxe6 fxe6 7. d3 d5 8. exd5
exd5 9. d4 e4 10. Ne5 Bb4 11. a3 Ba5 12. O-O Bxc3 13. bxc3 O-O 14. Bg5 Re8 15.
Ng4 Qd6 16. Bxf6 gxf6 17. Nh6+ Kf8 18. Qh5 Re7 19. Nf5 Qd7 20. Nxe7 Qxe7 21.
Qh6+ Ke8 22. Rfe1 Kd7 23. Re3 Rg8 24. Qf4 Qg7 25. Rg3 Qf7 26. Rxg8 Qxg8 27. Qxf6
Ne7 28. Re1 Qe6 29. Qxe6+ Kxe6 30. Rb1 b6 31. g4 Ng6 32. Kh2 a5 33. Kg3 Kf6 34.
h4 c6 35. Rxb6 {Black resigns} 1-0

[Event "Team 45 45 League T47"]
[Site "Internet Chess Club"]
[Date "2010.11.26"]
[Round "4"]
[White "oldbookseller"]
[Black "iwin2"]
[Result "0-1"]
[WhiteElo "887"]
[BlackElo "1068"]
[Opening "Queen's pawn game"]
[ECO "D05"]
[Time "15:00:20"]
[TimeControl "2700+45"]

1. d4 d5 2. Nf3 Nf6 3. e3 e6 4. Bd3 c6 5. c3 Bd6 6. Nbd2 Nbd7 7. e4 dxe4 8. Nxe4
Nxe4 9. Bxe4 O-O 10. O-O Nf6 11. Bb1 Re8 12. Qc2 e5 13. Be3 e4 14. Ng5 Bf5 15.
b4 Ng4 16. Qb3 Be6 17. c4 Nxe3 18. Qxe3 Bxb4 19. Qxe4 Qxg5 20. g3 g6 21. a3 Bc3
22. Ra2 Bxc4 23. Qc2 Bxf1 24. Qxc3 Bh3 25. Rb2 Rab8 26. Ba2 Qe7 27. Rb1 Qe4 28.
f3 Qe2 29. Bxf7+ Kxf7 30. Qc4+ Re6 31. Qc3 Qg2# {White checkmated} 0-1

[Event "Team 45 45 League T47"]
[Site "Internet Chess Club"]
[Date "2010.11.27"]
[Round "4"]
[White "seattleblues"]
[Black "SeniorCitizen"]
[Result "0-1"]
[WhiteElo "1260"]
[BlackElo "1318"]
[Opening "French: King's Indian attack"]
[ECO "C00"]
[Time "06:00:11"]
[TimeControl "2700+45"]

1. e4 e6 2. d3 d5 3. Nd2 Nf6 4. g3 dxe4 5. dxe4 Nc6 6. Bg2 Be7 7. Ngf3 O-O 8.
O-O e5 9. c3 Bg4 10. Re1 Bd6 11. Qc2 Bh5 12. Nc4 Bg6 13. Nxd6 cxd6 14. Bg5 Qc7
15. Bxf6 gxf6 16. Rad1 Rad8 17. Qc1 Kg7 18. Nh4 Ne7 19. Bh3 d5 20. Nf5+ Bxf5 21.
Bxf5 Nxf5 22. exf5 Qc4 23. b3 Qg4 24. Qc2 e4 25. Rd4 Qxf5 26. Qe2 Rfe8 27. Rf1
Qf3 28. Qxf3 exf3 29. Rg4+ Kh8 30. Rf4 Re6 31. Rxf3 Rde8 32. Kg2 Kg7 33. Rd1 Rd8
34. Rf5 Re5 35. Rf4 f5 36. Rfd4 b5 37. R1d2 h5 38. f4 Re3 39. Rxd5 Rxd5 40. Rxd5
Rxc3 41. Rxf5 Rc2+ 42. Kh3 Rxa2 43. Rxb5 a6 44. b4 {White resigns} 0-1

[Event "Team 45 45 League T47"]
[Site "Internet Chess Club"]
[Date "2010.11.27"]
[Round "4"]
[White "Cicero"]
[Black "Traho"]
[Result "1-0"]
[WhiteElo "1346"]
[BlackElo "1247"]
[Opening "Vienna game"]
[ECO "C26"]
[Time "12:00:23"]
[TimeControl "2700+45"]

1. e4 e5 2. Nc3 Nf6 3. Bc4 c6 4. Qf3 Be7 5. d3 O-O 6. Nge2 d6 7. O-O Nbd7 8. Qg3
b5 9. Bb3 Nc5 10. f4 Nxb3 11. axb3 Nh5 12. Qf3 Nxf4 13. Nxf4 exf4 14. Qxf4 Bg5
15. Qxg5 f6 16. Qg3 Be6 17. Bh6 Qe7 18. d4 Kh8 19. d5 gxh6 20. dxe6 Rg8 21. Qf3
Raf8 22. Rf2 Qxe6 23. Kh1 Qf7 24. Raf1 Rg6 25. e5 dxe5 26. Qxc6 Kg7 27. Qxb5 Rg5
28. Qd5 Qxd5 29. Nxd5 f5 30. Nc7 {Black resigns} 1-0

[Event "Team 45 45 League T47"]
[Site "Internet Chess Club"]
[Date "2010.11.27"]
[Round "4"]
[White "BosqueVerde"]
[Black "lawth3"]
[Result "1-0"]
[WhiteElo "1231"]
[BlackElo "1061"]
[Opening "QGD: 4.Bg5 Be7"]
[ECO "D53"]
[Time "11:20:51"]
[TimeControl "2700+45"]

1. d4 Nf6 2. c4 e6 3. Nc3 d5 4. Bg5 Be7 5. Nf3 O-O 6. Qc2 Nbd7 7. cxd5 Nxd5 8.
Bxe7 Qxe7 9. a3 Nxc3 10. Qxc3 Nf6 11. Rc1 c6 12. e3 a5 13. Bd3 b6 14. O-O Ba6
15. Bxa6 Rxa6 16. Qxc6 Nd5 17. Qb5 Qb7 18. e4 Nf6 19. e5 Nd5 20. Qd3 h6 21. Rc2
Rc8 22. Rfc1 Raa8 23. Qe4 Qd7 24. Nd2 Rxc2 25. Rxc2 Rc8 26. Nc4 Qc6 27. b3 b5
28. Ne3 Qb7 29. Rxc8+ Qxc8 30. h3 Qc1+ 31. Kh2 Qxa3 32. Nxd5 Qxb3 33. Ne7+ Kf8
34. Qb7 g6 35. Nc6 a4 36. Qe7+ Kg7 37. Qf6+ Kf8 38. Qh8# {Black checkmated} 1-0

[Event "Team 45 45 League T47"]
[Site "Internet Chess Club"]
[Date "2010.11.29"]
[Round "4"]
[White "Graybeard"]
[Black "WannaB"]
[Result "1-0"]
[WhiteElo "1141"]
[BlackElo "950"]
[Opening "Sicilian: closed"]
[ECO "B23"]
[Time "20:03:29"]
[TimeControl "2700+45"]

1. e4 c5 2. Nc3 g6 3. Nf3 Bg7 4. Bc4 e6 5. O-O Nc6 6. Re1 Nf6 7. d3 O-O 8. Bg5
a6 9. e5 b5 10. exf6 Bxf6 11. Bb3 Nd4 12. Ne4 Nxf3+ 13. Qxf3 Bxg5 14. Nxg5 Qxg5
15. Qxa8 d5 16. Qb8 Bd7 17. Qe5 Qe7 18. Bxd5 f6 19. Qe3 Qd6 20. Bxe6+ Bxe6 21.
Qxe6+ Qxe6 22. Rxe6 Kg7 23. h3 a5 24. Rae1 Kg8 25. Re8 Rxe8 26. Rxe8+ Kf7 27.
Rb8 b4 28. Rb5 a4 29. Rxc5 b3 30. cxb3 axb3 31. axb3 Ke6 32. b4 Kd6 33. d4 h5
34. b5 g5 35. b6 g4 36. b7 {Black resigns} 1-0

[Event "Team 45 45 League T47"]
[Site "Internet Chess Club"]
[Date "2010.11.27"]
[Round "4"]
[White "malihini"]
[Black "The-Capitalist"]
[Result "0-1"]
[WhiteElo "1246"]
[BlackElo "1434"]
[Opening "Caro-Kann: advance variation"]
[ECO "B12"]
[Time "21:00:39"]
[TimeControl "2700+45"]

1. e4 c6 2. d4 d5 3. e5 Bf5 4. f4 e6 5. Bd3 Nh6 6. Nf3 c5 7. Bb5+ Nc6 8. c3 a6
9. Ba4 b5 10. Bc2 Bxc2 11. Qxc2 Rc8 12. Be3 cxd4 13. Bxd4 Nxd4 14. Nxd4 Bc5 15.
Qd3 O-O 16. Nd2 Qh4+ 17. g3 Qh3 18. N2f3 Qg2 19. O-O-O Bxd4 20. Qxd4 Qxf3 21.
Rhg1 Qh5 22. Qb6 Qxh2 23. Rd2 Qh5 24. Rdg2 Rc4 25. Qxa6 b4 26. Kc2 Qg6+ 27. Kb3
Qd3 28. Rc2 bxc3 {White resigns} 0-1

[Event "Team 45 45 League T47"]
[Site "Internet Chess Club"]
[Date "2010.11.28"]
[Round "4"]
[White "bowwrestler"]
[Black "dpmdpm"]
[Result "0-1"]
[WhiteElo "1226"]
[BlackElo "1430"]
[Opening "Sicilian: Najdorf, Lipnitzky attack"]
[ECO "B86"]
[Time "16:00:20"]
[TimeControl "2700+45"]

1. e4 c5 2. Nf3 d6 3. Nc3 Nf6 4. d4 cxd4 5. Nxd4 a6 6. Bc4 e6 7. Be3 Be7 8. O-O
O-O 9. f4 Qc7 10. Bb3 Nc6 11. Re1 Na5 12. Nf3 Nxb3 13. axb3 b5 14. Nxb5 Qb8 15.
Nc3 Bb7 16. e5 Bxf3 17. Qxf3 dxe5 18. fxe5 Qxe5 19. Bf4 Qc5+ 20. Be3 Qc8 21. Bd4
Bc5 22. Bxc5 Qxc5+ 23. Kh1 Rfd8 24. Ra4 Qh5 25. Qg3 Qg6 26. Qxg6 hxg6 27. b4 Nd5
28. Rd1 Nxc3 29. Rxd8+ Rxd8 30. h3 Nxa4 31. b3 Nc3 32. g4 g5 33. Kg2 Rd2+ 34.
Kf3 Rxc2 35. Ke3 Nd5+ 36. Kd3 Rh2 37. Kc4 Rxh3 38. Kc5 Rxb3 39. Kc4 Rxb4+ 40.
Kc5 Rxg4 41. Kc6 a5 42. Kb5 a4 43. Kc5 a3 44. Kd6 a2 45. Kc5 a1=Q 46. Kc6 Ne3
47. Kc5 Qd4+ 48. Kc6 Qd5+ 49. Kb6 Rc4 50. Ka6 Qc6+ 51. Ka7 Qb5 52. Ka8 Ra4#
{White checkmated} 0-1

[Event "Team 45 45 League T47"]
[Site "Internet Chess Club"]
[Date "2010.11.28"]
[Round "4"]
[White "PsyMar"]
[Black "WhoHuhWhat"]
[Result "1-0"]
[WhiteElo "1256"]
[BlackElo "1037"]
[Opening "Sicilian: dragon variation"]
[ECO "B70"]
[Time "14:07:12"]
[TimeControl "2700+45"]

1. e4 c5 2. Nf3 d6 3. d4 cxd4 4. Nxd4 Nf6 5. Nc3 g6 6. Bc4 Bg7 7. O-O O-O 8. Bg5
Nc6 9. Nxc6 bxc6 10. b4 Rb8 11. a3 a5 12. Rb1 axb4 13. axb4 Rb6 14. Re1 Ba6 15.
Ba2 h6 16. Be3 Rb7 17. Qf3 Qb8 18. e5 Nd5 19. Nxd5 cxd5 20. exd6 Qxd6 21. Qxd5
Qf6 22. b5 Rxb5 23. Rxb5 Bxb5 24. Qxb5 Qc3 25. Qe2 Ra8 26. Bb3 Ra1 27. Rxa1
Qxa1+ 28. Qf1 Qc3 29. g3 e5 30. Qd3 Qa1+ 31. Kg2 Qa8+ 32. Qd5 Qxd5+ 33. Bxd5 Kf8
34. c4 Ke7 35. c5 Kd7 36. Bxf7 {Black resigns} 1-0

[Event "Team 45 45 League T47"]
[Site "Internet Chess Club"]
[Date "2010.11.30"]
[Round "4"]
[White "KidRattler"]
[Black "NewfieKnight"]
[Result "0-1"]
[WhiteElo "1059"]
[BlackElo "1100"]
[Opening "Three knights game"]
[ECO "C46"]
[Time "17:06:00"]
[TimeControl "2700+45"]

1. e4 e5 2. Nf3 Nc6 3. Nc3 a6 4. d3 Bb4 5. Bd2 Nf6 6. Be2 d6 7. O-O Be6 8. a3
Bxc3 9. Bxc3 Qe7 10. Bd2 O-O-O 11. c4 Qd7 12. Bc3 Ng4 13. g3 f5 14. h3 fxe4 15.
dxe4 Nf6 16. h4 Nxe4 17. Bd3 Nxc3 18. bxc3 Bg4 19. Be2 e4 20. Nd2 Bh3 21. Re1 h5
22. Nxe4 Bg4 23. Bxg4 hxg4 24. Nd2 Ne5 25. Kg2 d5 26. cxd5 Qxd5+ 27. Kg1 g5 28.
Ne4 Nf3+ 29. Kg2 Nxe1+ 30. Qxe1 gxh4 31. gxh4 Rxh4 32. f3 gxf3+ 33. Kxf3 Rf8+
34. Kg3 Rxe4 35. Qb1 Qg5+ 36. Kh2 Rh4# {White checkmated} 0-1

[Event "Team 45 45 League T47"]
[Site "Internet Chess Club"]
[Date "2010.11.27"]
[Round "4"]
[White "Ivio"]
[Black "MASTERCHEF"]
[Result "1-0"]
[WhiteElo "1803"]
[BlackElo "1748"]
[Opening "King's Indian: 5.Nf3"]
[ECO "E90"]
[Time "18:00:07"]
[TimeControl "2700+45"]

1. d4 Nf6 2. c4 g6 3. Nc3 Bg7 4. e4 d6 5. Nf3 O-O 6. Bd3 e5 7. d5 Nbd7 8. O-O
Nc5 9. Bc2 a5 10. Bg5 h6 11. Bd2 Nh5 12. Qc1 Kh7 13. h3 f5 14. exf5 Bxf5 15.
Bxf5 Rxf5 16. Qc2 Rxf3 17. gxf3 Qh4 18. Kh2 e4 19. Nxe4 Be5+ 20. Kg2 Rf8 21.
Nxc5 Nf4+ 22. Bxf4 Qxf4 23. Rg1 dxc5 24. Kf1 Rf5 25. Qe4 Qh2 26. Qg4 Rg5 27.
Qd7+ Bg7 28. Rxg5 hxg5 29. Qg4 Qh1+ 30. Qg1 Qxf3 31. Qg2 Qd3+ 32. Kg1 Qxc4 33.
b3 Qc2 34. Re1 Qxa2 35. Qxg5 Qc2 36. Qh4+ Kg8 37. Re8+ Bf8 38. Qe7 Qf5 39. Qe6+
Qf7 40. Rc8 c6 41. Rc7 Qxe6 42. dxe6 Bd6 43. Rd7 Be5 44. Rxb7 Kf8 45. Kg2 c4 46.
bxc4 Bd4 47. Kf3 a4 48. Ke4 c5 49. Ra7 a3 50. Rxa3 Ke7 51. Kd5 Bxf2 52. Rf3 Bd4
53. Rf7+ Ke8 54. Kd6 g5 55. Rb7 Bf6 56. Rb8+ {Black resigns} 1-0

[Event "Team 45 45 League T47"]
[Site "Internet Chess Club"]
[Date "2010.11.26"]
[Round "4"]
[White "crazyhorses"]
[Black "Salvatore"]
[Result "1-0"]
[WhiteElo "1557"]
[BlackElo "1638"]
[Opening "Sicilian defense"]
[ECO "B40"]
[Time "12:07:06"]
[TimeControl "2700+45"]

1. e4 c5 2. Nf3 e6 3. g3 g6 4. d3 Bg7 5. Nbd2 Ne7 6. Bg2 O-O 7. O-O b6 8. c3 Bb7
9. Re1 d5 10. Qc2 Nd7 11. Nb3 a5 12. a4 c4 13. dxc4 dxe4 14. Ng5 Rc8 15. Nxe4
Bxe4 16. Qxe4 Nf5 17. Bf1 Nf6 18. Qf3 Qc7 19. Bf4 Qa7 20. Rad1 Rfd8 21. Rxd8+
Rxd8 22. Rd1 Qa8 23. Bg2 Rxd1+ 24. Qxd1 Qc8 25. c5 bxc5 26. Nxa5 h5 27. Nc4 Qd7
28. Qxd7 Nxd7 29. a5 e5 30. a6 exf4 31. a7 Nd6 32. a8=Q+ {Black resigns} 1-0

[Event "Team 45 45 League T47"]
[Site "Internet Chess Club"]
[Date "2010.11.29"]
[Round "4"]
[White "one-over"]
[Black "krysto"]
[Result "0-1"]
[WhiteElo "1346"]
[BlackElo "1493"]
[Opening "French: King's Indian attack"]
[ECO "C00"]
[Time "20:23:22"]
[TimeControl "2700+45"]

1. e4 e6 2. d3 d5 3. Nd2 Nf6 4. Ngf3 c5 5. e5 Nfd7 6. d4 cxd4 7. Nxd4 Nxe5 8.
N2f3 Ng6 9. Bd3 Nd7 10. O-O Be7 11. Re1 O-O 12. Bd2 e5 13. Bxg6 fxg6 14. Nxe5
Nxe5 15. Rxe5 Bf6 16. Ne6 Bxe6 17. Rxe6 Qd7 18. Re1 Bxb2 19. Rb1 Bd4 20. Be3
Bxe3 21. Rxe3 Qf5 22. f3 b6 23. Rd3 Rfd8 24. Rb4 Rd7 25. Rbd4 Rad8 26. Kf2 b5
27. g4 Qe6 28. Qe2 Qxe2+ 29. Kxe2 Kf7 30. h4 a5 31. g5 h6 32. f4 Ke6 33. Kf3 Rd6
34. c3 R8d7 35. Kg4 h5+ 36. Kf3 Ke7 37. a3 Kd8 38. Re3 Re7 39. Red3 Red7 40. Re3
Rc7 41. Red3 Rc5 42. Ke2 Ke7 43. Re3+ Re6 44. Rxe6+ Kxe6 45. Kd3 Kf5 46. Kd2 Kg4
47. Kd3 Kxh4 48. Kd2 Kg4 49. Kc2 h4 50. Kb3 a4+ 51. Kb4 Rc4+ 52. Rxc4 dxc4 53.
Kxb5 h3 {White resigns} 0-1

[Event "Team 45 45 League T47"]
[Site "Internet Chess Club"]
[Date "2010.11.28"]
[Round "4"]
[White "gerailen0075"]
[Black "Razorbackchess"]
[Result "1-0"]
[WhiteElo "1809"]
[BlackElo "1755"]
[Opening "Sicilian: Pelikan (Lasker/Sveshnikov) variation"]
[ECO "B33"]
[Time "08:01:01"]
[TimeControl "2700+45"]

1. e4 c5 2. Nf3 Nc6 3. d4 cxd4 4. Nxd4 Nf6 5. Nc3 e5 6. Ndb5 d6 7. Nd5 Nxd5 8.
exd5 Nb8 9. c4 a6 10. Nc3 Be7 11. Be2 O-O 12. O-O f5 13. f4 Bf6 14. g3 Nd7 15.
Qc2 exf4 16. gxf4 Bd4+ 17. Kh1 Nf6 18. Bf3 Re8 19. Qg2 Kh8 20. Ne2 Be3 21. Bxe3
Rxe3 22. Rg1 g6 23. Nc3 Bd7 24. Qf2 Qe7 25. Rae1 Re8 26. Ref1 Qf7 27. Nd1 R3e7
28. Qb6 Ne4 29. Bxe4 fxe4 30. Qxd6 Bh3 31. Ne3 Bxf1 32. Rxf1 Qg7 33. f5 Qe5 34.
Qxe5+ Rxe5 35. f6 Rf8 36. Rf2 h5 37. Kg2 Kh7 38. b4 g5 39. c5 Kg6 40. c6 bxc6
41. dxc6 Re6 42. c7 Rc6 43. Nd5 Kf7 44. Rf5 e3 45. Rxg5 Re6 46. Rg7+ {Black
resigns} 1-0

[Event "Team 45 45 League T47"]
[Site "Internet Chess Club"]
[Date "2010.11.26"]
[Round "4"]
[White "Tamarin"]
[Black "ILRE"]
[Result "1/2-1/2"]
[WhiteElo "1762"]
[BlackElo "1624"]
[Opening "King's Indian: orthodox, Aronin-Taimanov, bayonet attack"]
[ECO "E97"]
[Time "19:06:42"]
[TimeControl "2700+45"]

1. d4 Nf6 2. c4 g6 3. Nc3 Bg7 4. e4 d6 5. Nf3 O-O 6. Be2 e5 7. O-O Nc6 8. d5 Ne7
9. b4 Nh5 10. c5 Nf4 11. Bxf4 exf4 12. Rc1 a5 13. cxd6 cxd6 14. Nb5 Bg4 15. Qb3
axb4 16. Rc2 Bxf3 17. Bxf3 Be5 18. Qxb4 Qa5 19. Qb3 Rfc8 20. Rxc8+ Rxc8 21. Be2
Qd2 22. Na7 Rc2 23. Qxb7 Qxe2 24. Qxe7 Bd4 25. Qd8+ Kg7 26. Qh4 Bxa7 27. Qxf4
Bd4 28. a3 Be5 29. Qh4 Ra2 30. Rc1 Ra1 31. Rxa1 Bxa1 32. g3 Be5 33. Qd8 Qe1+ 34.
Kg2 Qxe4+ 35. Kf1 Qd3+ 36. Kg1 Qxa3 37. f4 Qe3+ 38. Kg2 Qe2+ 39. Kh3 Qf1+ 40.
Kg4 h5+ 41. Kg5 f6+ 42. Kh4 g5+ 43. fxg5 fxg5+ 44. Qxg5+ Kf7 45. Qxh5+ Ke7 46.
Qh7+ Kd8 47. Qg8+ Kc7 48. Qh7+ Kb6 49. Qc2 Qf6+ 50. Kh3 Qf1+ 51. Kg4 Qb5 52.
Qf2+ Qc5 53. Qxc5+ Kxc5 54. Kf3 Kxd5 55. h4 Ke6 56. g4 Kf6 57. Ke4 Ke6 58. h5
Kf6 59. Kd5 Kg5 60. Ke6 Bg3 61. Kd5 Bf4 62. Ke6 Kh6 63. Kf5 Be5 64. Ke6 Kg5 65.
Kd5 Kh6 {Game drawn by mutual agreement} 1/2-1/2

[Event "Team 45 45 League T47"]
[Site "Internet Chess Club"]
[Date "2010.11.27"]
[Round "4"]
[White "MateIn42"]
[Black "BrandonBee"]
[Result "0-1"]
[WhiteElo "1423"]
[BlackElo "1605"]
[Opening "Réti v Dutch"]
[ECO "A04"]
[Time "11:06:52"]
[TimeControl "2700+45"]

1. Nf3 f5 2. g3 Nf6 3. Bg2 g6 4. O-O Bg7 5. d3 c6 6. Nc3 O-O 7. e4 d6 8. e5 Ng4
9. exd6 exd6 10. Bd2 Be6 11. Re1 Bf7 12. Re2 Nd7 13. Ng5 Qb6 14. Rb1 Rfe8 15.
Qe1 Rxe2 16. Qxe2 Re8 17. Qf1 Nxf2 18. Na4 Qd4 19. Qxf2 Qxa4 20. Qf1 Qxc2 21.
Nxf7 Kxf7 22. Bf4 d5 23. b3 Qxa2 24. Ra1 Qxa1 {White resigns} 0-1

[Event "Team 45 45 League T47"]
[Site "Internet Chess Club"]
[Date "2010.11.26"]
[Round "4"]
[White "wekabird"]
[Black "Skylab"]
[Result "0-1"]
[WhiteElo "1154"]
[BlackElo "1278"]
[Opening "English: Caro-Kann defensive system"]
[ECO "A11"]
[Time "18:00:07"]
[TimeControl "2700+45"]

1. c4 c6 2. Nc3 d5 3. cxd5 cxd5 4. d4 Nc6 5. h3 h6 6. Nf3 Nf6 7. e3 Bf5 8. Bd3
Bxd3 9. Qxd3 e6 10. a3 Bd6 11. O-O O-O 12. Re1 Re8 13. b4 a6 14. Rb1 e5 15. dxe5
Nxe5 16. Nxe5 Bxe5 17. Bb2 Rc8 18. Rec1 Bxc3 19. Bxc3 Qe7 20. Re1 Ne4 21. Bb2
Qe6 22. Qd4 Nf6 23. Qd2 Rc6 24. Bxf6 gxf6 25. Rbc1 Rec8 26. Rxc6 Rxc6 27. Qd3
Qe5 28. b5 Rc3 29. Qe2 Rxa3 30. bxa6 Rxa6 31. Qg4+ Kh7 32. Qc8 Ra1 33. Rxa1
Qxa1+ 34. Kh2 Qb2 35. Qf5+ Kg7 36. Qg4+ Kh8 37. Qf4 Qe5 38. Qxe5 fxe5 39. Kg3
Kg8 40. Kf3 f5 41. g4 fxg4+ 42. hxg4 Kf7 43. e4 d4 44. Ke2 Ke6 45. Kd3 Kd6 46.
f3 Kc5 47. Kc2 b5 48. Kb3 b4 49. Kc2 Kc4 50. Kd2 d3 51. f4 exf4 52. e5 f3 53. e6
f2 54. e7 f1=Q 55. e8=Q Qe2+ 56. Qxe2 dxe2 57. Kxe2 Kc3 58. Kd1 Kb2 59. Kd2 b3
60. Kd1 Ka1 {White resigns} 0-1

[Event "Team 45 45 League T47"]
[Site "Internet Chess Club"]
[Date "2010.11.28"]
[Round "4"]
[White "JimGaming"]
[Black "Conjurer"]
[Result "1-0"]
[WhiteElo "1236"]
[BlackElo "1138"]
[Opening "Sicilian: closed"]
[ECO "B23"]
[Time "18:03:13"]
[TimeControl "2700+45"]

1. e4 c5 2. Nc3 d6 3. f4 a6 4. Nf3 e6 5. Be2 Be7 6. O-O f5 7. e5 Nh6 8. Ng5 O-O
9. Bc4 Bxg5 10. d4 Be7 11. d5 b5 12. Be2 Qb6 13. Bf3 Bb7 14. Be3 Kh8 15. a3 Nd7
16. dxe6 Bxf3 17. Qxf3 Nxe5 18. fxe5 dxe5 19. Nd5 Qxe6 20. Nc7 Qg8 21. Nxa8 Rxa8
22. Qc6 Qc8 23. Qxc8+ Rxc8 24. Bxh6 gxh6 25. Rxf5 Bd6 26. Rf6 Rc6 27. Rd1 Be7
28. Rxc6 {Black resigns} 1-0

[Event "Team 45 45 League T47"]
[Site "Internet Chess Club"]
[Date "2010.11.27"]
[Round "4"]
[White "sere"]
[Black "WilmaP"]
[Result "1-0"]
[WhiteElo "1222"]
[BlackElo "1199"]
[Opening "QGD semi-Slav"]
[ECO "D43"]
[Time "11:00:19"]
[TimeControl "2700+45"]

1. d4 d5 2. c4 c6 3. Nc3 e6 4. Nf3 Nf6 5. Bf4 Nbd7 6. e3 Bb4 7. Bd3 c5 8. O-O
Nb6 9. Ne2 dxc4 10. Bc2 Nbd5 11. a3 Ba5 12. dxc5 c3 13. b4 Bc7 14. Bxc7 Qxc7 15.
e4 Ne7 16. Nxc3 O-O 17. Qd6 Qxd6 18. cxd6 Ng6 19. Rad1 Bd7 20. e5 Ng4 21. Rfe1
Rac8 22. Rd3 b6 23. Ba4 Bxa4 24. Nxa4 Rcd8 25. h3 Nf4 26. Rd4 Nxe5 27. Nxe5 Ng6
28. Nc6 Rd7 29. Nxa7 Ra8 30. Nxb6 Raxa7 31. Nxd7 Rxd7 32. a4 h6 33. b5 e5 34.
Rdd1 f6 35. a5 Nf8 36. b6 Ne6 37. a6 Nd8 38. a7 Nb7 39. a8=Q+ Rd8 40. Qxb7 Kf8
41. Qe7+ Kg8 42. Qxd8+ {Black resigns} 1-0

[Event "Team 45 45 League T47"]
[Site "Internet Chess Club"]
[Date "2010.11.29"]
[Round "4"]
[White "LeanSixSigma"]
[Black "Just-Jim"]
[Result "0-1"]
[WhiteElo "1431"]
[BlackElo "1395"]
[Opening "Scotch gambit"]
[ECO "C44"]
[Time "11:00:17"]
[TimeControl "2700+45"]

1. e4 e5 2. Nf3 Nc6 3. d4 exd4 4. Bc4 h6 5. O-O Bc5 6. c3 dxc3 7. Nxc3 d6 8. a3
a6 9. b4 Bb6 10. Qb3 Qd7 11. Bb2 Nd4 12. Nxd4 Bxd4 13. b5 Nf6 14. bxa6 bxa6 15.
Nd5 Bxb2 16. Nxf6+ gxf6 17. Qxb2 Qe7 18. Bd5 Ra7 19. Qd4 c5 20. Qa4+ Bd7 21. Qb3
O-O 22. Qg3+ Kh8 23. Qf4 Kh7 24. Rfe1 Be6 25. Re3 Rg8 26. Bxe6 fxe6 27. Rh3 Rg6
28. Qe3 e5 29. Re1 Qe6 30. Qf3 Rag7 31. Rg3 Rxg3 32. fxg3 Rg5 33. Qd3 c4 34. Qd5
Qxd5 35. exd5 c3 36. Re4 c2 37. Rc4 e4 38. Rxc2 Rxd5 39. Kf2 Kg6 40. Ke3 f5 41.
a4 a5 42. Rc6 Kg5 43. h4+ Kg4 44. Rc8 Kxg3 45. Rg8+ Kxh4 46. Kf4 Re5 47. Rg3 Kh5
48. Rh3+ Kg6 49. Rg3+ Kh7 50. Re3 Rc5 51. g4 fxg4 52. Kxg4 d5 53. Kf4 h5 54. Ke5
Kh6 55. Kd4 Rc4+ 56. Kxd5 Rxa4 57. Kc5 Rb4 58. Ra3 h4 59. Rxa5 Rb1 60. Ra4 Re1
61. Kd5 Kg5 62. Ke5 h3 63. Ra2 Kg4 64. Ra8 h2 65. Rg8+ Kf3 {White resigns} 0-1

[Event "Team 45 45 League T47"]
[Site "Internet Chess Club"]
[Date "2010.11.28"]
[Round "4"]
[White "WzeroMN"]
[Black "jjaillet2007"]
[Result "0-1"]
[WhiteElo "1170"]
[BlackElo "1303"]
[Opening "French: Marshall variation"]
[ECO "C10"]
[Time "17:00:14"]
[TimeControl "2700+45"]

1. e4 e6 2. d4 d5 3. Nc3 c5 4. Bb5+ Bd7 5. Bxd7+ Qxd7 6. Nf3 Nc6 7. exd5 exd5 8.
Qe2+ Be7 9. Be3 cxd4 10. Bxd4 Nf6 11. Bxf6 gxf6 12. Rd1 d4 13. O-O O-O 14. Ne4
f5 15. Ng3 Rae8 16. Qd3 f4 17. Nf5 Qe6 18. b3 Ne5 19. Nxe7+ Qxe7 20. Nxe5 Qxe5
21. Qd2 Re6 22. Rde1 Qd6 23. Rxe6 fxe6 24. Re1 e5 25. Kf1 Rf5 26. Qe2 Kg7 27.
Qg4+ Qg6 28. Qxg6+ hxg6 29. f3 Kf6 30. Ke2 Kg5 31. Kd3 Kf6 32. Kc4 g5 33. h3 b6
34. Kd5 e4+ 35. Kxd4 exf3 36. gxf3 Rc5 37. Kd3 Re5 38. Rxe5 Kxe5 39. Ke2 Kd4 40.
Kd2 b5 41. a3 a5 42. c3+ Kc5 43. Kd3 Kd5 44. a4 bxa4 45. bxa4 Kc5 46. c4 Kb4 47.
c5 Kxc5 48. Kc3 Kd5 49. Kb3 Kd4 50. Kc2 Ke3 51. Kd1 Kxf3 52. Ke1 Kg3 53. Ke2
Kxh3 54. Kf3 g4+ 55. Kxf4 g3 56. Kf3 g2 57. Kf2 Kh2 {White resigns} 0-1

[Event "Team 45 45 League T47"]
[Site "Internet Chess Club"]
[Date "2010.11.30"]
[Round "4"]
[White "anatolybcn"]
[Black "CoasterBrake"]
[Result "0-1"]
[WhiteElo "1157"]
[BlackElo "1181"]
[Opening "Caro-Kann: advance variation"]
[ECO "B12"]
[Time "17:00:41"]
[TimeControl "2700+45"]

1. e4 c6 2. d4 d5 3. e5 Bf5 4. h3 e6 5. Nf3 Be7 6. a3 Nd7 7. b4 b6 8. Be3 c5 9.
Bd3 Bxd3 10. Qxd3 cxd4 11. Bxd4 Nh6 12. Be3 Nf5 13. Bf4 O-O 14. c3 f6 15. O-O
fxe5 16. Nxe5 Nxe5 17. Bxe5 Bf6 18. Re1 Rc8 19. Nd2 Bxe5 20. Rxe5 Qf6 21. Nf3
Nh4 22. Re3 Nxf3+ 23. Rxf3 Qe7 24. Rxf8+ Qxf8 25. Re1 Qf6 26. Re3 Rd8 27. Rf3
Qe5 28. Re3 Qf6 29. Qa6 Qe7 30. Qe2 Rd6 31. c4 d4 32. Rd3 e5 33. f3 Qe6 34. Qa2
Rc6 35. f4 Qxc4 36. Qxc4+ Rxc4 37. fxe5 Kf7 38. Rd2 Ke6 39. Kf2 Kxe5 40. Re2+
Kf6 41. Rd2 a6 42. Ke2 Ke5 43. Kd1 g6 44. Re2+ Kd5 45. Rc2 Rxc2 46. Kxc2 Ke4 47.
Kd2 a5 48. b5 d3 49. h4 Kd4 50. Kd1 Kc3 51. Kc1 d2+ 52. Kd1 Kd3 53. a4 h6 54. g3
g5 55. hxg5 hxg5 56. g4 Kc3 57. Ke2 Kc2 {White resigns} 0-1

[Event "Team 45 45 League T47"]
[Site "Internet Chess Club"]
[Date "2010.11.29"]
[Round "4"]
[White "theartist"]
[Black "Mclintock45"]
[Result "1-0"]
[WhiteElo "1189"]
[BlackElo "995"]
[Opening "QGD Slav: 4.Nc3"]
[ECO "D15"]
[Time "10:30:44"]
[TimeControl "2700+45"]

1. d4 d5 2. c4 c6 3. Nf3 Nf6 4. Nc3 Bg4 5. e3 e6 6. Be2 Bb4 7. Qb3 Qb6 8. O-O
O-O 9. a3 Bd6 10. Qxb6 axb6 11. cxd5 cxd5 12. h3 Bh5 13. g4 Bg6 14. Nb5 Be7 15.
Ne5 Be4 16. f3 Bc2 17. Bd2 Nbd7 18. Rac1 Rac8 19. Bc3 Bb3 20. Bd3 g6 21. Nxd7
Nxd7 22. Rce1 Bh4 23. Re2 f5 24. Nd6 Ra8 25. f4 Nf6 26. g5 Ne4 27. Bxe4 dxe4 28.
Rc1 Rad8 29. Nxb7 Rd7 30. Bb4 Rff7 31. Nd6 Rg7 32. Rc8+ {Black resigns} 1-0